 Dungeon Crawl Stone Soup version 0.27.1-1-g398f81649c (webtiles) character file.

Game seed: 17365479855900324371

80 101zpm the Shield-Bearer (level 4, -3/29 HPs)
             Began as a Gargoyle Fighter on Sept 19, 2021.
             Killed from afar by Ijyb (8 damage)
             ... with a puff of flame
             ... on level 3 of the Dungeon.
             The game lasted 00:03:47 (2239 turns).

101zpm the Shield-Bearer (Gargoyle Fighter)         Turns: 2239, Time: 00:03:47

Health: -3/29      AC: 14    Str: 20    XL:     4   Next: 39%
Magic:  4/4        EV:  5    Int:  9    God:
Gold:   191        SH:  9    Dex:  9    Spells: 3/3 levels left

rFire    . . .     SeeInvis .   a - +0 flail
rCold    . . .     Faith    .   c - +0 kite shield
rNeg     + . .     Spirit   .   q - +2 chain mail {Will+}
rPois    ∞         Reflect  .   (no helmet)
rElec    +         Harm     .   (no cloak)
rCorr    .         Rampage  .   (no gloves)
Will     +....                  (no boots)
Stlth    ..........             (no amulet)
HPRegen  0.09/turn              (no ring)
MPRegen  0.09/turn              (no ring)

@: no status effects
A: sickness immunity, AC +3, negative energy resistance 1, electricity
resistance, torment resistance 1, petrification resistance
a: no special abilities


You were on level 3 of the Dungeon.
You visited 1 branch of the dungeon, and saw 3 of its levels.

You collected 191 gold pieces.

Inventory:

Hand Weapons
 a - a +0 flail (weapon)
Missiles
 k - 21 arrows
 l - 17 stones (quivered)
Armour
 c - a +0 kite shield (worn)
 q - a +2 chain mail of willpower (worn)
Magical Staves
 h - a staff of conjuration
 r - a staff of death
Scrolls
 g - a scroll of blinking {unknown}
 i - 4 scrolls of identify {unknown}
 n - a scroll of holy word {unknown}
Potions
 b - a potion of lignification {unknown}
 d - a potion of might
 e - a potion of degeneration {unknown}
 f - a potion of flight {unknown}
 j - a potion of haste {unknown}
 m - a potion of cancellation {unknown}
 o - a potion of attraction {unknown}
 p - 2 potions of resistance {unknown}


   Skills:
 + Level 3.7 Fighting
 + Level 3.2 Maces & Flails
 + Level 3.7 Armour
 + Level 0.5 Dodging
 + Level 0.1 Stealth
 + Level 3.8 Shields


You had 3 spell levels left.
You didn't know any spells.
Your spell library was empty.

Dungeon Overview and Level Annotations

Branches:
Dungeon (3/15)

Altars:

Shops:
D:1 ?   D:2 (

Annotations:
D:3 1 runed translucent door, Crazy Yiuf, Ijyb


Innate Abilities, Weirdness & Mutations

You are immune to sickness and miasma.
Your stone body is resilient. (AC +3)
You are immune to poison.
You resist negative energy. (rN+)
You are resistant to electric shocks. (rElec)
You are resistant to unholy torment.
You are immune to petrification.


Message History

You are too injured to fight recklessly!
You are too injured to fight recklessly!
You are too injured to fight recklessly!
You are too injured to fight recklessly!
You are too injured to fight recklessly!
You are too injured to fight recklessly!
You are too injured to fight recklessly!
You are too injured to fight recklessly!
You are too injured to fight recklessly!
You are too injured to fight recklessly!
You closely miss Ijyb.
Ijyb is lightly wounded.
Ijyb hits you but does no damage.
You barely miss Ijyb.
Ijyb is lightly wounded.
Ijyb zaps a wand.
The puff of flame hits you.
* * * LOW HITPOINT WARNING * * *
You closely miss Ijyb.
Ijyb is lightly wounded.
Ijyb hits you but does no damage. x2
You barely miss Ijyb.
Ijyb is lightly wounded.
Ijyb hits you but does no damage. x2
You closely miss Ijyb.
Ijyb is lightly wounded.
Ijyb hits you with a +0 dagger.
* * * LOW HITPOINT WARNING * * *
You closely miss Ijyb.
Ijyb is lightly wounded.
Ijyb hits you but does no damage. You block Ijyb's attack.
You barely miss Ijyb.
Ijyb is lightly wounded.
Ijyb zaps a wand.
You block the puff of flame.
You barely miss Ijyb.
Ijyb is lightly wounded.
Ijyb hits you but does no damage.
You closely miss Ijyb.
Ijyb is lightly wounded.
Ijyb zaps a wand.
The puff of flame hits you!
You die...

###.###########......#
# #.# #.#.##.# ..#.#
##.#.##.# #.#.#
#...(...# #.#.#
#..#.##.# . ...
#..#.##.# .#.##
#.).....# . #.#.###.#
#.#@# #.# #...g...#
###.##### #.# #.# ..#
###


You could see Ijyb.

Vanquished Creatures
  Terence (D:2)
  A gnoll (D:1)
  2 dart slugs
  4 endoplasms
  3 giant cockroaches
  4 goblins
  2 hobgoblins
  2 jackals (D:1)
  4 kobolds
  2 quokkas (D:2)
  5 ball pythons (D:2)
  2 bats
  3 frilled lizards (D:1)
  3 rats
38 creatures vanquished.

Notes
Turn   | Place    | Note
-------+----------+-------------------------------------------
     0 | D:1      | 101zpm the Gargoyle Fighter began the quest for the Orb.
     0 | D:1      | Reached XP level 1. HP: 14/14 MP: 1/1
   340 | D:1      | Reached XP level 2. HP: 13/19 MP: 2/2
   728 | D:1      | Reached XP level 3. HP: 23/23 MP: 3/3
   810 | D:1      | Found Asakhat's Magic Scroll Boutique.
  1533 | D:2      | Found Gaiggah's Weapon Boutique.
  1659 | D:2      | Noticed Terence
  1670 | D:2      | Killed Terence
  1671 | D:2      | Reached XP level 4. HP: 29/29 MP: 4/4
  2175 | D:3      | Found a runed translucent door.
  2176 | D:3      | Noticed Crazy Yiuf
  2222 | D:3      | Noticed Ijyb
  2239 | D:3      | Killed from afar by Ijyb

Illustrated notes

Levels and vault maps discovered:
D:1:      lemuel_arrival_behind_the_door_small, layout_loops_corners,
          serial_shops, nicolae_shop_window_shopping, kennysheep_another_room
D:2:      layout_basic, serial_shops, shop_coins, minmay_misc_feat_room,
          kennysheep_generic_room_15, uniq_terence
D:3:      layout_loops_cross, shapermc_ecumenical_altar_ellora, chequers_jeans,
          hex_tiny, kennysheep_generic_room_12, uniq_crazy_yiuf_cottage,
          uniq_ijyb

Skill      XL: |  1  2  3 |
---------------+----------+-----
Maces & Flails | 3 |  3.2
Fighting       | |  3.7
Armour         | |  3.7
Dodging        | |  0.5
Stealth        | |  0.1
Shields        | |  3.8

Action                   |  1- 3 |  4- 6 || total
-------------------------+-------+-------++-------
Melee: Flail             |   108 |    37 ||   145
Armor: Scale mail        |    51 |       ||    51
       Chain mail        |       |    23 ||    23
Dodge: Dodged            |    36 |    10 ||    46
Block: Kite shield       |    52 |    11 ||    63
